 Dungeon Crawl Stone Soup version 0.27-a0-1149-g4505690ab0 (webtiles) character file.

Game seed: 1410611917318552191

435 wakim the Covert (level 7, -8/40 HPs)
             Began as a Kobold Brigand on May 13, 2021.
             Killed from afar by a steam dragon (16 damage)
             ... with a ball of steam
             ... on level 5 of the Dungeon.
             The game lasted 00:13:33 (5055 turns).

wakim the Covert (Kobold Brigand)                   Turns: 5055, Time: 00:13:34

Health: -8/40      AC:  3    Str:  8    XL:     7   Next: 21%
Magic:  7/7        EV: 16    Int: 13    God:
Gold:   134        SH:  0    Dex: 18    Spells: 6/6 levels left

rFire    . . .     SeeInvis .   a - +3 dagger
rCold    . . .     Faith    .   (shield restricted)
rNeg     . . .     Spirit   .   i - +0 robe
rPois    .         Reflect  .   (no helmet)
rElec    .         Harm     .   b - scarf {repulsion}
rCorr    .         Rampage  .   k - +0 pair of gloves
Will     .....                  (no boots)
Stlth    +++++.....             (no amulet)
HPRegen  0.13/turn              (no ring)
MPRegen  0.10/turn              (no ring)

@: repel missiles
A: small, no large weapons, nightstalker 3
a: no special abilities


You were on level 5 of the Dungeon.
You visited 1 branch of the dungeon, and saw 5 of its levels.

You collected 134 gold pieces.

Inventory:

Hand Weapons
 a - a +3 dagger (weapon)
Missiles
 d - 8 poisoned darts (quivered)
 j - 4 boomerangs
Armour
 b - a scarf of repulsion (worn)
 i - a +0 robe (worn)
 k - a +0 pair of gloves (worn)
Wands
 y - a wand of paralysis (8)
Scrolls
 R - a scroll of magic mapping {!r}
Potions
 c - a potion of attraction {unknown}
 h - 2 potions of lignification {unknown}
 l - a potion of ambrosia {unknown}
 J - a potion of heal wounds
 N - a potion of might


   Skills:
 - Level 2.1 Fighting
 * Level 6.3 Short Blades
 - Level 2.1 Throwing
 + Level 3.7 Dodging
 * Level 8.3 Stealth


You had 6 spell levels left.
You didn't know any spells.
Your spell library was empty.

Dungeon Overview and Level Annotations

Branches:
Dungeon (5/15)
 Temple: D:4-7

Altars:
Nemelex Xobeh

Shops:
D:3 (


Innate Abilities, Weirdness & Mutations

You are small and have problems with some larger weapons.
You are completely attuned to the shadows.


Message History

You hit the steam dragon but do no damage.
The steam dragon is severely wounded.
You closely miss the steam dragon.
The steam dragon is severely wounded.
The hound barely misses you. The steam dragon closely misses you.
The steam dragon misses you. The hound misses you.
You hit the steam dragon.
The steam dragon is severely wounded.
The steam dragon breathes steam at you. The ball of steam misses you.
The hound closely misses you.
You hear an angry hiss.
You barely miss the steam dragon.
The steam dragon is almost dead.
You are engulfed in a cloud of scalding steam.
* * * LOW HITPOINT WARNING * * *
The hound misses you. The steam dragon closely misses you.
The steam dragon misses you.
The hound is engulfed in a cloud of scalding steam.
The steam dragon looks more healthy.
The steam dragon bites you.
* * * LOW HITPOINT WARNING * * *
The steam dragon claws you.
* * * LOW HITPOINT WARNING * * *
The hound bites you.
* * * LOW HITPOINT WARNING * * *
The hound bites you but does no damage.
Okay, then.
Throw: dart (curare) {=f}
Press: ? - help, Q - select action, (/) - cycle Shift-Dir - straight line, f - hound
Aim: a hound (lightly wounded, 53% to hit)
You throw a curare-tipped dart {=f}.
The curare-tipped dart {=f} hits the hound.
The hound is poisoned.
The hound convulses.
The hound seems to slow down.
The hound is heavily wounded.
The hound barely misses you.
An iguana comes into view.
The iguana hisses angrily.
You see here a dart slug corpse.
The steam dragon breathes steam at you. The ball of steam hits you!
You die...

####### #.....#
#.###.# #.# #<#
#.# ###
###.#############
..[...............
##.#####....@h....
#. #.#.##§§#### .
.#......†D(.#
#......l.###.#
####.†..#..D.#
./....#.#..#.#
####...#!#.....#
#!..†#.......#
#......../.^.#


You could see a steam dragon (catching breath) and a hound (very poisoned,
slow).

Vanquished Creatures
  3 scorpions (D:5)
  A water moccasin zombie (D:5)
  Crazy Yiuf (D:2)
  A bullfrog skeleton (D:4)
  Terence (D:2)
  2 gnolls (D:4)
  4 adders
  4 dart slugs
  8 ball pythons
  3 endoplasms
  2 giant cockroaches
  3 hobgoblins
  4 kobolds
  3 quokkas
  4 bats
  A frilled lizard (D:2)
  7 goblins
  5 rats
57 creatures vanquished.

Vanquished Creatures (others)
  11 plants (D:3)
11 creatures vanquished.

Grand Total: 68 creatures vanquished

Notes
Turn   | Place    | Note
-------+----------+-------------------------------------------
     0 | D:1      | wakim the Kobold Brigand began the quest for the Orb.
     0 | D:1      | Reached XP level 1. HP: 12/12 MP: 1/1
   230 | D:1      | Reached XP level 2. HP: 17/17 MP: 2/2
  1165 | D:1      | Reached XP level 3. HP: 13/21 MP: 3/3
  1621 | D:2      | Found a faded altar of an unknown god.
  1799 | D:2      | Noticed Terence
  1803 | D:2      | Killed Terence
  1804 | D:2      | Reached skill level 6 in Stealth
  1804 | D:2      | Reached XP level 4. HP: 26/26 MP: 4/4
  1874 | D:2      | Found a runed translucent door.
  1877 | D:2      | Noticed Crazy Yiuf
  2289 | D:2      | Killed Crazy Yiuf
  2583 | D:3      | Found Ywiakheth's Weapon Shop.
  2957 | D:3      | Reached XP level 5. HP: 30/30 MP: 5/5
  3292 | D:3      | Found a sparkling altar of Nemelex Xobeh.
  4304 | D:4      | Reached skill level 5 in Short Blades
  4304 | D:4      | Reached skill level 7 in Stealth
  4845 | D:5      | Entered Level 5 of the Dungeon
  4853 | D:5      | Reached XP level 6. HP: 35/35 MP: 6/6
  4869 | D:5      | Reached skill level 8 in Stealth
  4869 | D:5      | Reached XP level 7. HP: 40/40 MP: 7/7
  5023 | D:5      | Noticed a steam dragon
  5055 | D:5      | Killed from afar by a steam dragon

Illustrated notes

Levels and vault maps discovered:
D:1:      dpeg_arrival_lava_altar, layout_loops_corners,
          minmay_misc_feat_pillars
D:2:      layout_loops_cross, chequers_ecumenical_altar_simple,
          uniq_crazy_yiuf_cottage, uniq_terence
D:3:      layout_basic, nicolae_overflow_crystal_walls, serial_shops, shop,
          serial_bayou_ford_a
D:4:      layout_loops_ring, guppyfry_early_orc_mine
D:5:      layout_basic, lemuel_tele_altar

Skill      XL: |  1  2  3  4  5  6 |
---------------+-------------------+-----
Short Blades   | 3 4 5 6 |  6.3
Dodging        | 2 3 |  3.7
Stealth        | 6 7 8 |  8.3
Fighting       | |  2.1
Throwing       | |  2.1

Action                   |  1- 3 |  4- 6 |  7- 9 || total
-------------------------+-------+-------+-------++-------
Melee: Dagger            |    46 |    77 |    17 ||   140
Throw: Dart              |       |       |     3 ||     3
  Use: Scroll            |     3 |     7 |       ||    10
 Stab: Sleeping          |    15 |    17 |     1 ||    33
       Distracted        |       |     2 |       ||     2
Armor: Robe              |     7 |     4 |     1 ||    12
Dodge: Dodged            |    18 |    31 |    17 ||    66

Table legend: (Time is in decaauts)
 A = Elapsed time spent in this place.
 B = Non-inter-level travel time spent in this place.
 C = Inter-level travel time spent in this place.
 D = Time resting spent in this place.
 E = Time spent auto-exploring this place.
 F = Levels seen in this place.
 G = Mean time per level.
                   A        B        C        D        E       F      G
               +--------+--------+--------+--------+--------+-----+--------+
         Total |   5041 |   4833 |    208 |    174 |   4012 |   5 | 1008.2 |
       Dungeon |   5041 |   4833 |    208 |    174 |   4012 |   5 | 1008.2 |
               +--------+--------+--------+--------+--------+-----+--------+

Top non-repeatable levels by time:
     D:1: 1567 daAuts
     D:3: 1524 daAuts
     D:2: 1072 daAuts
     D:4: 673 daAuts
     D:5: 202 daAuts
